 Dungeon Sprint DCSS version 0.27-a0-1299-g1ab19c6527 (webtiles) character file.

Game seed: 13072499188835995810

33545 spiderkeys the Warrior (level 13, -4/136 HPs)
             Began as a Minotaur Berserker on June 17, 2021.
             Was a Priest of Trog.
             Killed from afar by Lom Lobon (38 damage)
             ... with a great icy blast
             ... in the Dungeon (Sprint I: "Red Sonja").
             The game lasted 00:37:39 (10135 turns).

spiderkeys the Warrior (Minotaur Berserker)        Turns: 10135, Time: 00:37:40

Health: -4/136     AC: 27    Str: 32    XL:     13   Next: 37%
Magic:  0/10       EV: 12    Int:  6    God:    Trog [***...]
Gold:   2530       SH: 10    Dex: 13    Spells: 12/12 levels left

rFire    + . .     SeeInvis .   x - +3 trident (venom)
rCold    + . .     Faith    .   z - +2 buckler of the Meadowlark {Will+ Str+5 Int+2}
rNeg     . . .     Spirit   .   M - +2 gold dragon scales {rare}
rPois    +         Reflect  .   t - +2 hat
rElec    .         Harm     .   O - +2 cloak {Stlth+}
rCorr    .         Rampage  .   C - +0 pair of gloves {Dex+3}
Will     +++..     Rnd*Rage +   P - +0 pair of boots Stlth ..........NoTele +
                                (no amulet)
HPRegen  1.00/turn              (no ring)
MPRegen  0.12/turn              (no ring)

@: mighty, strong-willed (expiring), unable to read, on berserk cooldown,
regenerating (expiring), hasted, very quick
A: horns 2, retaliatory headbutt, berserk 2, deformed body, deterioration 1, low
mp 1, screaming 1, inhibited regeneration, inability to read while threatened
a: Renounce Religion, Berserk, Trog's Hand


You were in the Dungeon.
You worshipped Trog.
Trog was most pleased with you.
You visited 1 branch You collected 5534 gold pieces.
You spent 3004 gold pieces at shops.


Innate Abilities, Weirdness & Mutations

You have a pair of horns on your head.
You reflexively headbutt those who attack you in melee.
You often lose your temper in combat.
Armour fits poorly on your strangely shaped body.
Your body sometimes deteriorates upon taking damage.
Your magical capacity is low. (-10% MP)
You occasionally shout uncontrollably at your foes.
You do not regenerate when monsters are visible.
You sometimes lose the ability to read scrolls when taking damage.


   Skills:
 + Level 18.6 Fighting
 + Level 18.6 Polearms
 - Level 4.3 Throwing
 + Level 18.4 Armour
 - Level 14.6 Dodging
 * Level 15.1 Shields


You had 12 spell levels left.
You didn't know any spells.
Your spell library contained the following spells:

 Spells                   Type           Power      Damage    Failure   Level
 Beastly Appendage        Tmut           0%         N/A       99%         1
 Corona                   Hex            0%         N/A       99%         1
 Magic Dart               Conj           0%         1d3       99%         1
 Blink                    Tloc           N/A        N/A       100%        2
 Call Imp                 Summ           0%         N/A       100%        2
 Slow                     Hex            0%         N/A       100%        2
 Conjure Flame            Conj/Fire      0%         6-21      100%        3
 Ignite Poison            Fire/Tmut/Pois 0%         N/A       100%        3
 Inner Flame              Hex/Fire       0%         N/A       100%        3
 Mephitic Cloud           Conj/Pois/Air  0%         N/A       100%        3
 Portal Projectile        Hex/Tloc       0%         N/A       100%        3
 Cause Fear               Hex            0%         N/A       100%        4
 Leda's Liquefaction      Hex/Erth       0%         N/A       100%        4
 Alistair's Intoxication  Tmut/Pois      0%         N/A       100%        5
 Blade Hands              Tmut           0%         N/A       100%        5
 Irradiate                Conj/Tmut      0%         3d13      100%        5
 Statue Form              Tmut/Erth      0%         N/A       100%        6
 Dragon Form              Tmut           0%         N/A       100%        7
 Storm Form               Tmut/Air       0%         N/A       100%        7

Inventory:

Hand Weapons
 d - a +2 flail of flaming
   (Trog gifted it to you in the Dungeon)
 q - the +9 war axe "Obafel" {drain, Str+3}
   (You found it in the Dungeon)

   A truly terrible weapon, it drains the life of those it strikes.
   It affects your strength (+3).
 x - a +3 trident of venom (weapon)
   (Trog gifted it to you in the Dungeon)
 E - a +3 antimagic quarterstaff
   (Trog gifted it to you in the Dungeon)
 F - the +9 flail "Noesh" {pain, rElec rC+ Stlth+, forbidden}
   (You found it in the Dungeon)

   In the hands of one skilled in necromantic magic, it inflicts extra damage on
   living creatures.
   It protects you from cold.
   It insulates you from electricity.
   It makes you more stealthy.
   Trog disapproves of the use of such an item.
 G - a +1 vorpal glaive
   (Trog gifted it to you in the Dungeon)
 I - a +0 trident of flaming
   (Trog gifted it to you in the Dungeon)
Missiles
 j - 46 sling bullets
 k - 39 bolts
 l - 38 arrows
 m - 73 stones
 n - a curare-tipped dart {=f}
 v - 7 poisoned darts
 D - 2 atropa-tipped darts
 J - 7 boomerangs
Armour
 t - a +2 hat (worn)
   (You bought it in a shop in the Dungeon)
 y - a +0 tower shield of protection
   (You bought it in a shop in the Dungeon)
 z - the +2 buckler of the Meadowlark (worn) {Will+ Str+5 Int+2}
   (You bought it in a shop in the Dungeon)

   It affects your strength (+5).
   It affects your intelligence (+2).
   It increases your willpower.
 C - a +0 pair of gloves of dexterity (worn)
   (You bought it in a shop in the Dungeon)
 M - +2 gold dragon scales (worn) {rare}
   (You found it in the Dungeon)
 O - a +2 cloak of stealth (worn)
   (You bought it in a shop in the Dungeon)
 P - a +0 pair of boots (worn)
   (You bought it in a shop in the Dungeon)
Magical Staves
 s - a staff of cold {forbidden!a}
   (You found it in the Dungeon)
Wands
 p - a wand of iceblast (5)
   (You found it in the Dungeon)
 u - a wand of flame (29)
   (You found it in the Dungeon)
Scrolls
 h - 2 scrolls of blinking {!r}
 i - 2 scrolls of fog
 o - 2 scrolls of identify {@r1}
 r - a scroll of fear
 w - a scroll of amnesia
 H - a scroll of immolation {!r!r}
Potions
 a - a potion of might
 c - 4 potions of curing {@q1}
 f - 2 potions of magic
 g - a potion of berserk rage {!q}
 B - 2 potions of lignification {!q}
 K - a potion of resistance
Miscellaneous
 A - a lightning rod (4/4)
   (You found it in the Dungeon)
 N - a piece from Xom's chessboard (15/15)
   (You found it in the Dungeon)

Dungeon Overview and Level Annotations

Branches:
Dungeon (1/1)

Altars:
Cheibriados
Dithmenos
Elyvilon
Fedhas
Gozag
Hepliaklqana
Kikubaaqudgha
Makhleb
Nemelex Xobeh
Okawaru
Qazlal
Ru
Sif Muna
Trog
Uskayaw
Vehumet
Wu Jian
Xom
Yredelemnul
Zin
The Shining One
Jiyva
Lugonu

Shops:
D ([[?*?[=(**:*:(?![[[[:

Annotations:
D Lom Lobon, Tiamat

...)..###^,.^#≈≈≈≈≈########°°°.#
..#####^,,.####≈≈≈≈#≈≈≈≈≈#.°°°.#
.##,,,,,^.)#..#'≈≈≈'≈≈.≈≈'...○○#
##,,^^,,.°^#...##≈≈#≈≈≈≈≈#≈°○..#
#^^,,,,○&○,#....######'#####≈≈≈#
#****^°○^&^#....#§≈≈≈≈≈≈≈≈≈##≈≈#
≈≈≈.*^,○..°#######≈≈≈≈≈≈≈≈≈≈≈≈≈#
####*^^°.°.'[}#°○&h..≈≈≈≈≈≈≈#≈≈#
+,,^,,,^^,,#):§○@#○°☼.°.&.≈≈≈#≈#
#**********#####################


You could see Lom Lobon (gusty, extremely poisoned, ally target) and a friendly
polar bear (summoned, berserk).


Message History

😨 HP[-1]
You take 1 damage, and now have 55/136 hp.
You puncture Lom Lobon! You headbutt Lom Lobon!
You are engulfed in freezing vapours.
You resist.
Your polar bear misses Lom Lobon. x3
Lom Lobon screams, "I shall devour thy mind!"
You block Lom Lobon's attack.
You barely miss Lom Lobon.
You are engulfed in freezing vapours.
You resist.
* * * LOW HITPOINT WARNING * * *
Your polar bear bites Lom Lobon.
Your polar bear misses Lom Lobon.
Your polar bear claws Lom Lobon but does no damage.
You impale Lom Lobon!!
Lom Lobon looks as sick as possible!
You headbutt Lom Lobon.
You are engulfed in freezing vapours.
You resist.
You closely miss Lom Lobon. Your headbutt misses Lom Lobon.
You are engulfed in freezing vapours.
You resist.
* * * LOW HITPOINT WARNING * * *
Your polar bear bites Lom Lobon!
Your polar bear misses Lom Lobon.
Your polar bear barely misses Lom Lobon.
Lom Lobon gestures.
Lom Lobon is healed. 😨 HP[-2]
You take 2 damage, and now have 53/136 hp.
You impale Lom Lobon!!
You are engulfed in freezing vapours.
You resist.
You impale Lom Lobon!!
Lom Lobon looks as sick as possible!
You headbutt Lom Lobon!
You are engulfed in freezing vapours.
You resist.
You feel the effects of Trog's Hand fading.
Your polar bear closely misses Lom Lobon.
Your polar bear barely misses Lom Lobon. x2
Lom Lobon gestures.
Lom Lobon is healed.
You puncture Lom Lobon! Your headbutt misses Lom Lobon.
You are engulfed in freezing vapours.
You resist.
Your polar bear bites Lom Lobon but does no damage.
Your polar bear misses Lom Lobon.
Your polar bear claws Lom Lobon but does no damage. 😨 HP[+1]
You impale Lom Lobon!! Your headbutt misses Lom Lobon.
You are engulfed in freezing vapours.
You resist.
* * * LOW HITPOINT WARNING * * *
😨 HP[-3]
You take 3 damage, and now have 51/136 hp.
You puncture Lom Lobon!
Lom Lobon looks as sick as possible!
You are engulfed in freezing vapours.
You resist.
* * * LOW HITPOINT WARNING * * *
Your polar bear bites Lom Lobon!
Your polar bear closely misses Lom Lobon.
Your polar bear barely misses Lom Lobon.
Lom Lobon gestures.
You yell at the ball lightning! 4 ball lightnings come into view. 😨 HP[-3]
You take 3 damage, and now have 48/136 hp.
You puncture the ball lightning!
The ball lightning explodes!
The blast of lightning engulfs you.
* * * LOW HITPOINT WARNING * * *
The blast of lightning engulfs Lom Lobon.
Lom Lobon completely resists.
You are engulfed in freezing vapours.
You resist. 😨 HP[-3]
You take 3 damage, and now have 45/136 hp.
You impale Lom Lobon!! Your headbutt misses Lom Lobon.
You are engulfed in freezing vapours.
You resist.
The ball lightning explodes!
The blast of lightning engulfs Lom Lobon.
Lom Lobon completely resists.
The blast of lightning engulfs the ball lightning.
The ball lightning completely resists.
The blast of lightning engulfs your polar bear.
The blast of lightning engulfs the ball lightning.
The ball lightning completely resists.
The blast of lightning engulfs you but does no damage.
The ball lightning explodes!
The blast of lightning engulfs your polar bear!
The blast of lightning engulfs the ball lightning.
The ball lightning completely resists.
The blast of lightning engulfs Lom Lobon.
Lom Lobon completely resists.
The ball lightning explodes!
The blast of lightning engulfs Lom Lobon.
Lom Lobon completely resists.
The blast of lightning engulfs your polar bear!
Your polar bear barely misses Lom Lobon.
Your polar bear misses Lom Lobon. x2; Lom Lobon hits you!
* * * LOW HITPOINT WARNING * * *
You feel your power leaking away. 😨 HP[-9] MP[-10]
You take 9 damage, and now have 36/136 hp.
You lost 10 mp, and now have 0/10 mp.
Okay, then.
You miss Lom Lobon.
You are engulfed in freezing vapours.
You resist.
* * * LOW HITPOINT WARNING * * *
Your polar bear completely misses Lom Lobon.
Your polar bear misses Lom Lobon.
Your polar bear completely misses Lom Lobon.
You miss Lom Lobon.
You are engulfed in freezing vapours.
You resist.
* * * LOW HITPOINT WARNING * * *
Lom Lobon gestures at you.
Lom Lobon conjures a mighty blast of ice!
The great icy blast engulfs you!!! You partially resist.
You die...

Skill      XL: |  1  2  3  4  5  6  7  8  9 10 11 12 13 |
---------------+----------------------------------------+-----
Fighting       | 5 6 8 10 11 12 14 15 16 17 18 | 18.6
Polearms       | 5 6 8 10 11 12 14 15 16 17 18 | 18.6
Armour         | 4 5 7 9 11 12 13 15 16 17 18 | 18.4
Dodging        | 3 5 7 8 10 11 12 14 | 14.6
Shields        | 6 12 15 | 15.1
Throwing       | 4 |  4.3

Action                   |  1- 3 |  4- 6 |  7- 9 | 10-12 | 13-15 || total
-------------------------+-------+-------+-------+-------+-------++-------
Melee: Spear             |     9 |    21 |    66 |    48 |       ||   144
       Headbutt          |     3 |     8 |    18 |    78 |    20 ||   127
       Halberd           |       |       |       |    20 |       ||    20
       Trident           |       |       |       |   166 |   114 ||   280
Throw: Dart              |       |       |       |       |     1 ||     1
       Boomerang         |       |       |       |       |     1 ||     1
Invok: Berserk           |     2 |     3 |     8 |     6 |     3 ||    22
       Trog's Hand       |       |       |       |     3 |     2 ||     5
       Brothers in Arms  |       |       |       |     1 |     7 ||     8
Evoke: Wand              |       |       |       |       |     9 ||     9
  Use: Scroll            |       |       |     1 |     7 |     7 ||    15
       Potion            |       |       |       |     2 |     9 ||    11
Armor: Leather armour    |       |     1 |    16 |     4 |       ||    21
       Chain mail        |       |       |       |   119 |    49 ||   168
       Gold dragon scale |       |       |       |       |    31 ||    31
Dodge: Dodged            |     4 |     5 |    51 |    40 |    29 ||   129
Block: Tower shield      |       |       |       |    35 |       ||    35
       Buckler           |       |       |       |    16 |    21 ||    37

Levels and vault maps discovered:
D:        dungeon_sprint_1 [red_sonja_temple_1, red_sonja_temple_small_1]

Notes
Turn   | Place    | Note
-------+----------+-------------------------------------------
     0 | D        | spiderkeys the Minotaur Berserker began the quest for the
                  | Orb.
     0 | D        | Reached XP level 1. HP: 19/19 MP: 0/0
     0 | D        | magus.rc [v1.9.10]
     1 | D        | Noticed Ijyb
     8 | D        | Killed Ijyb
     9 | D        | Reached skill level 5 in Fighting
     9 | D        | Reached skill level 5 in Polearms
     9 | D        | Reached skill level 4 in Armour
     9 | D        | Reached skill level 3 in Dodging
     9 | D        | Reached XP level 2. HP: 29/29 MP: 1/1
   102 | D        | Noticed an ogre
   106 | D        | Killed an ogre
   107 | D        | Reached skill level 6 in Fighting
   107 | D        | Reached skill level 6 in Polearms
   107 | D        | Reached skill level 5 in Armour
   107 | D        | Reached skill level 5 in Dodging
   107 | D        | Reached XP level 3. HP: 38/38 MP: 2/2
   107 | D        | Reached XP level 4. HP: 45/45 MP: 3/3
   310 | D        | Noticed Sigmund
   319 | D        | Killed Sigmund
   319 | D        | Reached ** piety under Trog
   320 | D        | Reached skill level 8 in Fighting
   320 | D        | Reached skill level 8 in Polearms
   320 | D        | Reached skill level 7 in Armour
   320 | D        | Reached skill level 7 in Dodging
   320 | D        | Reached XP level 5. HP: 55/55 MP: 4/4
   320 | D        | Reached XP level 6. HP: 62/62 MP: 5/5
   378 | D        | Found a burning altar of Makhleb.
   378 | D        | Found a viscous altar of Jiyva.
   378 | D        | Found a shimmering altar of Xom.
   378 | D        | Found a corrupted altar of Lugonu.
   378 | D        | Noticed a slime creature
   385 | D        | Killed a slime creature
   386 | D        | Reached skill level 9 in Fighting
   386 | D        | Reached skill level 9 in Polearms
   386 | D        | Reached skill level 9 in Armour
   386 | D        | Reached skill level 8 in Dodging
   502 | D        | Found an ornate altar of the Wu Jian Council.
   502 | D        | Found a shimmering blue altar of Sif Muna.
   504 | D        | Found a radiant altar of Vehumet.
   617 | D        | Found Qomia's Magic Scroll Emporium.
   617 | D        | Found an ancient bone altar of Kikubaaqudgha.
   617 | D        | Found a hazy altar of Hepliaklqana.
   617 | D        | Found a stormy altar of Qazlal.
   617 | D        | Found a hide-covered altar of Uskayaw.
   617 | D        | Found a blossoming altar of Fedhas.
   617 | D        | Found a bloodstained altar of Trog.
   617 | D        | Found an iron altar of Okawaru.
   617 | D        | Found a basalt altar of Yredelemnul.
   617 | D        | Found a glowing golden altar of the Shining One.
   617 | D        | Found a snail-covered altar of Cheibriados.
   617 | D        | Found a sacrificial altar of Ru.
   617 | D        | Found a glowing silver altar of Zin.
   617 | D        | Found a shadowy altar of Dithmenos.
   617 | D        | Found a white marble altar of Elyvilon.
   617 | D        | Noticed a yak
   622 | D        | Killed a yak
   623 | D        | Reached skill level 10 in Fighting
   623 | D        | Reached skill level 10 in Polearms
   623 | D        | Reached XP level 7. HP: 72/72 MP: 6/6
   760 | D        | Found an opulent altar of Gozag.
   761 | D        | Found a sparkling altar of Nemelex Xobeh.
   765 | D        | Bought a scroll of magic mapping for 49 gold pieces
   801 | D        | Noticed a kobold demonologist
   801 | D        | Noticed a kobold demonologist
   811 | D        | Killed a kobold demonologist
   811 | D        | Reached *** piety under Trog
   812 | D        | Reached skill level 10 in Armour
   812 | D        | Reached skill level 9 in Dodging
   819 | D        | Killed a kobold demonologist
   819 | D        | Reached **** piety under Trog
   820 | D        | Reached skill level 11 in Fighting
   820 | D        | Reached skill level 11 in Polearms
   820 | D        | Reached skill level 11 in Armour
   820 | D        | Reached skill level 10 in Dodging
   820 | D        | Reached XP level 8. HP: 82/82 MP: 7/7
   924 | D        | Noticed a demonic crawler
   924 | D        | Noticed a demonic crawler
   924 | D        | Noticed a demonic crawler
   924 | D        | Noticed a demonic crawler
   935 | D        | Killed a demonic crawler
  1023 | D        | Killed a hornet
  1094 | D        | Killed a hornet
  1118 | D        | Killed a demonic crawler
  1119 | D        | Reached skill level 12 in Fighting
  1119 | D        | Reached skill level 12 in Polearms
  1119 | D        | Reached skill level 11 in Dodging
  1281 | D        | Killed a merfolk siren
  1351 | D        | Killed a demonic crawler
  1352 | D        | Reached skill level 12 in Armour
  1352 | D        | Reached XP level 9. HP: 91/91 MP: 8/8
  1355 | D        | Killed a gargoyle
  1448 | D        | Killed a demonic crawler
  1591 | D        | Noticed a lindwurm
  1599 | D        | Killed a lindwurm
  1600 | D        | Reached skill level 13 in Fighting
  1600 | D        | Reached skill level 13 in Polearms
  1600 | D        | Reached skill level 12 in Dodging
  1626 | D        | Killed a merfolk siren
  1725 | D        | Noticed a centaur warrior
  1725 | D        | Noticed a centaur warrior
  1742 | D        | Killed a centaur warrior
  1742 | D        | HP: 24/139 [centaur warrior/arrow (12)]
  1743 | D        | Reached skill level 13 in Armour
  1748 | D        | HP: 12/139 [centaur warrior (4)]
  1751 | D        | Killed a centaur warrior
  1751 | D        | Reached ***** piety under Trog
  1752 | D        | Reached skill level 14 in Fighting
  1752 | D        | Reached skill level 14 in Polearms
  1752 | D        | Reached XP level 10. HP: 11/103 MP: 9/9
  2199 | D        | Killed the 27-headed Lernaean hydra
  2212 | D        | Noticed Sonja
  2222 | D        | Killed Sonja
  2223 | D        | Reached skill level 14 in Armour
  2223 | D        | Reached skill level 13 in Dodging
  2455 | D        | Found Ruru's Antique Weapon Boutique.
  2475 | D        | Noticed a deep troll
  2484 | D        | Killed a deep troll
  2670 | D        | Found Popev's Armour Emporium.
  2678 | D        | Bought a +1 pair of gloves for 138 gold pieces
  2678 | D        | Bought a +0 chain mail for 54 gold pieces
  2678 | D        | Bought a +0 cloak for 54 gold pieces
  2678 | D        | Bought a +2 hat for 192 gold pieces
  2781 | D        | Noticed a shining eye
  2781 | D        | Noticed a shining eye
  2781 | D        | Noticed a shining eye
  2783 | D        | Paralysed by a floating eye for 2 turns
  2787 | D        | Received a gift from Trog
  2788 | D        | Gained mutation: You do not regenerate when monsters are
                  | visible. [a shining eye]
  2799 | D        | Gained mutation: Your magical capacity is low. (-10% MP) [a
                  | shining eye]
  2801 | D        | Killed a shining eye
  2807 | D        | Noticed a shining eye
  2810 | D        | Killed a shining eye
  2811 | D        | Reached skill level 15 in Fighting
  2811 | D        | Reached skill level 15 in Polearms
  2811 | D        | Gained mutation: Armour fits poorly on your strangely
                  | shaped body. [a shining eye]
  2814 | D        | Killed a shining eye
  2814 | D        | Gained mutation: You occasionally shout uncontrollably at
                  | your foes. [a shining eye]
  2815 | D        | Reached skill level 15 in Armour
  2817 | D        | Gained mutation: You tend to lose your temper in combat. [a
                  | shining eye]
  2819 | D        | Killed a shining eye
  2820 | D        | Reached skill level 14 in Dodging
  2824 | D        | Noticed a shining eye
  2824 | D        | Noticed a shining eye
  2830 | D        | Gained mutation: Your body sometimes deteriorates upon
                  | taking damage. [a shining eye]
  2832 | D        | Killed a shining eye
  2832 | D        | Received a gift from Trog
  2835 | D        | Killed a shining eye
  2840 | D        | Noticed a shining eye
  2840 | D        | Noticed a shining eye
  2850 | D        | Gained mutation: You often lose your temper in combat. [a
                  | shining eye]
  2851 | D        | Reached XP level 11. HP: 114/114 MP: 8/8
  2857 | D        | Killed a shining eye
  2857 | D        | Gained mutation: You sometimes lose the ability to read
                  | scrolls when taking damage. [a shining eye]
  2860 | D        | Killed a shining eye
  2871 | D        | Found Sifej's Armour Shoppe.
  2871 | D        | Found Rephob's Magic Scroll Boutique.
  2871 | D        | Found Cisead's Antique Armour Emporium.
  2872 | D        | Found Vihis's General Store.
  2907 | D        | Bought a +0 tower shield of protection for 138 gold pieces
  2947 | D        | Reached skill level 1 in Shields
  2960 | D        | Noticed an oklob plant
  2966 | D        | Killed an oklob plant
  2967 | D        | Reached skill level 16 in Fighting
  2967 | D        | Reached skill level 16 in Polearms
  2967 | D        | Reached skill level 3 in Shields
  3120 | D        | Received a gift from Trog
  3128 | D        | Reached skill level 4 in Shields
  3155 | D        | Reached skill level 16 in Armour
  3187 | D        | Reached skill level 5 in Shields
  3376 | D        | Reached ****** piety under Trog
  3408 | D        | Received a gift from Trog
  3430 | D        | Reached skill level 6 in Shields
  3544 | D        | Found Able's Jewellery Shoppe.
  3544 | D        | Found Uvvugas's Armour Shop.
  3544 | D        | Found Vubb's Weapon Boutique.
  3546 | D        | Found Tuqaot's General Store.
  3546 | D        | Found Kaffatot's Assorted Antiques.
  3546 | D        | Found Duishrip's Book Shoppe.
  3546 | D        | Found Duacowof's Assorted Antiques.
  3546 | D        | Found Awuje's Book Emporium.
  3546 | D        | Found Uplech's Weapon Shop.
  3546 | D        | Found Gefeclim's Magic Scroll Shoppe.
  3549 | D        | Found Xoikk's Distillery.
  3550 | D        | Found Wuytz's Armour Emporium.
  3550 | D        | Found Negon's Armour Boutique.
  3551 | D        | Found Dior's Antique Armour Emporium.
  3617 | D        | Bought a +4 chain mail of poison resistance for 313 gold
                  | pieces
  3690 | D        | Bought a scroll of identify for 20 gold pieces
  3692 | D        | Bought a scroll of identify for 22 gold pieces
  3692 | D        | Bought a scroll of identify for 22 gold pieces
  3692 | D        | Bought a scroll of identify for 22 gold pieces
  3692 | D        | Bought a scroll of identify for 22 gold pieces
  3692 | D        | Bought a scroll of identify for 22 gold pieces
  3692 | D        | Bought a scroll of identify for 22 gold pieces
  3693 | D        | Identified a potion of experience
  3694 | D        | Reached skill level 4 in Throwing
  3694 | D        | Reached XP level 12. HP: 124/124 MP: 9/9
  3752 | D        | Bought 2 bubbling golden potions for 36 gold pieces
  3757 | D        | Bought a potion of cancellation for 88 gold pieces
  3757 | D        | Bought a potion of curing for 33 gold pieces
  3757 | D        | Bought a potion of curing for 33 gold pieces
  3757 | D        | Bought a potion of heal wounds for 55 gold pieces
  3757 | D        | Bought a potion of curing for 33 gold pieces
  3763 | D        | Bought a scroll labelled IZOHYGH YQID for 20 gold pieces
  3763 | D        | Bought a scroll labelled IRGHA POHYORCHE for 20 gold pieces
  3765 | D        | Bought a scroll labelled SUSHRU PUOTWE for 20 gold pieces
  3774 | D        | Bought a jewelled buckler for 237 gold pieces
  3774 | D        | Identified the +2 buckler of the Meadowlark {Will+ Str+5
                  | Int+2} (You bought it in a shop in the Dungeon)
  3842 | D        | Bought a pair of runed gloves for 202 gold pieces
  3896 | D        | Received a gift from Trog
  3897 | D        | Reached skill level 7 in Shields
  3980 | D        | Killed a lorocyproca
  3981 | D        | Reached skill level 8 in Shields
  4498 | D        | Reached skill level 9 in Shields
  4514 | D        | Received a gift from Trog
  4518 | D        | Reached skill level 17 in Polearms
  4519 | D        | Reached skill level 17 in Fighting
  4524 | D        | Reached skill level 10 in Shields
  4594 | D        | Noticed a 12-headed hydra
  4599 | D        | Killed a 12-headed hydra
  4600 | D        | Reached skill level 17 in Armour
  4684 | D        | Noticed a daeva
  4770 | D        | Noticed a deep elf annihilator
  4897 | D        | Noticed a mummy priest
  5202 | D        | Killed a deep elf annihilator
  5560 | D        | Reached skill level 11 in Shields
  5565 | D        | Received a gift from Trog
  6064 | D        | Noticed a fire giant
  6066 | D        | Noticed a fire giant
  6068 | D        | Noticed a fire giant
  6069 | D        | Killed a fire giant
  6069 | D        | Noticed a fire giant
  6073 | D        | Killed a fire giant
  6074 | D        | Reached skill level 12 in Shields
  6074 | D        | HP: 19/126 [fire giant/fireball (48)]
  6076 | D        | Killed a fire giant
  6076 | D        | Received a gift from Trog
  6077 | D        | Reached XP level 13. HP: 47/134 MP: 10/10
  6081 | D        | HP: 25/134 [fire giant/fireball (28)]
  6083 | D        | HP: 6/134 [fire giant/fireball (46)]
  6088 | D        | Killed a fire giant
  6089 | D        | Reached skill level 13 in Shields
  6511 | D        | Found the +4 dragonskin cloak
  6511 | D        | Noticed Tiamat
  6511 | D        | Tiamat, Avatar of the Dragonlord comes into view. She is
                  | wielding a +3 demon trident of electrocution and wearing
                  | the +4 dragonskin cloak.
  6520 | D        | Here: Tiamat, wielding a +3 demon trident of electrocution
                  | and wearing the +4 dragonskin cloak (water, fire blocked by
                  | an iron grate)
  6520 | D        | Here: Tiamat, wielding a +3 demon trident of electrocution
                  | and wearing the +4 dragonskin cloak (water, fire blocked by
                  | an iron grate)
  7453 | D        | Bought a potion of resistance for 110 gold pieces
  7453 | D        | Bought a potion of lignification for 33 gold pieces
  7773 | D        | Identified the +5 ring mail "Ungopron" {Harm}
  7932 | D        | Noticed a shadow dragon
  7932 | D        | Noticed a golden dragon
  7952 | D        | Killed a golden dragon
  7952 | D        | Identified +0 gold dragon scales
  7953 | D        | Reached skill level 18 in Fighting
  7953 | D        | Reached skill level 18 in Polearms
  7953 | D        | Reached skill level 18 in Armour
  7953 | D        | Reached skill level 14 in Shields
  7968 | D        | Killed a shadow dragon
  8140 | D        | +0 gold dragon scales {rare}; a golden dragon corpse
  8140 | D        | M - +0 gold dragon scales {rare}
  8151 | D        | You finish putting on your +0 gold dragon scales {rare}.
  8155 | D        | You pick up a book of Debilitation {forbidden} and begin
                  | reading...
  8155 | D        | You add the spells Corona, Slow, Inner Flame, Portal
                  | Projectile, Cause Fear and Leda's Liquefaction to your
                  | library.
  8213 | D        | Found Uho Jiam's Book Shoppe.
  8324 | D        | Bought a scroll of enchant armour for 105 gold pieces
  8423 | D        | Bought a scroll of enchant armour for 82 gold pieces
  8475 | D        | Bought a scroll of brand weapon for 200 gold pieces
  8476 | D        | your +0 gold dragon scales {rare} glow green for a moment.
  8477 | D        | your +1 gold dragon scales {rare} glow green for a moment.
  8481 | D        | Bought an embroidered cloak for 187 gold pieces
  8492 | D        | Bought a +0 pair of boots for 45 gold pieces
  8704 | D        | Killed a deep elf master archer
  9196 | D        | Bought a scroll of blinking for 75 gold pieces
  9196 | D        | Bought a scroll of enchant weapon for 75 gold pieces
  9196 | D        | Bought a scroll of enchant weapon for 75 gold pieces
  9196 | D        | Bought a scroll of blinking for 75 gold pieces
  9196 | D        | Bought a scroll of blinking for 75 gold pieces
  9579 | D        | Killed a mummy priest
  9580 | D        | Reached skill level 15 in Shields
  9934 | D        | Identified the +9 war axe "Obafel" {drain, Str+3}
  9936 | D        | Identified the Catalogue of Flamy Transformation
  9937 | D        | You add the spells Beastly Appendage, Ignite Poison,
                  | Alistair's Intoxication and Dragon Form to your library.
  9942 | D        | You pick up a book of Minor Magic {forbidden} and begin
                  | reading...
  9942 | D        | You add the spells Magic Dart, Blink, Call Imp, Conjure
                  | Flame and Mephitic Cloud to your library.
 10018 | D        | Noticed Lom Lobon
 10055 | D        | You pick up a book of Transfigurations {forbidden} and
                  | begin reading...
 10055 | D        | You add the spells Irradiate, Blade Hands, Statue Form and
                  | Storm Form to your library.
 10056 | D        | Identified the +9 flail "Noesh" {pain, rElec rC+ Stlth+}
 10135 | D        | HP: 34/136 [Lom Lobon] (2)]
 10135 | D        | Killed from afar by Lom Lobon

Vanquished Creatures
  A golden dragon (D)
  A fire giant (D)
  A lorocyproca (D)
  A mummy priest (D)
  A hydra (D)
  2 centaur warriors (D)
  Sonja (D)
  A deep troll (D)
  A lindwurm (D)
  2 oklob plants (D)
  8 shining eyes (D)
  A gargoyle (D)
  7 unseen horrors (D)
  2 kobold demonologists (D)
  A hellwing (D)
  4 demonic crawlers (D)
  A hornet (D)
  A slime creature (D)
  Sigmund (D)
  2 redbacks (D)
  A yak (D)
  13 hogs (D)
  7 floating eyes (D)
  7 necrophages (D)
  An ogre (D)
  8 jellies (D)
  Ijyb (D)
  A ball lightning (D)
79 creatures vanquished.

Vanquished Creatures (collateral kills)
  A shadow dragon (D)
  3 fire giants (D)
  A ball lightning (D)
5 creatures vanquished.

Vanquished Creatures (others)
  the Lernaean hydra (D)
  A deep elf master archer (D)
  A deep elf annihilator (D)
  2 merfolk sirens (D)
  A gargoyle (D)
  4 hornets (D)
  9 ball lightnings (D)
  2 ballistomycete spores (D)
21 creatures vanquished.

Grand Total: 105 creatures vanquished

Table legend:
 A = Non-vault XP
 B = Vault XP
 C = Vault XP percentage of total XP
 D = Non-vault monster count
 E = Vault monster count
 F = Vault count percentage of total count
                 A         B        C        D         E       F
            +---------+---------+-------+---------+---------+-------
      Total |       0 |   34803 | 100.0 |       0 |      82 | 100.0
            +---------+---------+-------+---------+---------+-------
          D |       0 |   34803 | 100.0 |       0 |      82 | 100.0
            +---------+---------+-------+---------+---------+-------

Illustrated notes

Table legend:
 A = Kills in this place as a percentage of kills in entire the game.
 B = Kills by you in this place as a percentage of kills by you in the entire game.
 C = Kills by friends in this place as a percentage of kills by friends in the entire game.
 D = Other kills in this place as a percentage of other kills in the entire game.
 E = Experience gained in this place as a percentage of experience gained in the entire game.
 F = Experience gained in this place divided by the number of levels of this place that you have seen.
                   A       B       C       D       E      F
               +-------+-------+-------+-------+-------+----------------------
         Total | 100.0 | 100.0 | 100.0 |   N/A | 100.0 | 34803.0
       Dungeon | 100.0 | 100.0 | 100.0 |   N/A | 100.0 | 34803.0
               +-------+-------+-------+-------+-------+----------------------

Table legend: (Time is in decaauts) A = Elapsed time spent in this place. B = Non-inter-level travel time spent in this place. C = Inter-level travel time spent in this place. D = Time resting spent in this place. E = Time spent auto-exploring this place. F = Levels seen in this place. G = Mean time per level. A B C D E F G +--------+--------+--------+--------+--------+-----+--------+ Total | 10274 | 9606 | 668 | 7034 | 501 | 1 | 10274.0 | Dungeon | 10274 | 9606 | 668 | 7034 | 501 | 1 | 10274.0 | +--------+--------+--------+--------+--------+-----+--------+

Top non-repeatable levels by time:
       D: 10274 daAuts
